Map: Ujari

Players

Metasapien - Winner!

  • Race: Zerg Zerg
  • League: Platinum
  • Spawn Location: 9:00

DarthBalls - Winner!

  • Race: Zerg Zerg
  • Spawn Location: 0:00

Hazard - Winner!

  • Race: Protoss Protoss
  • Spawn Location: 9:00

NEFAROX

  • Race: Zerg Zerg
  • Spawn Location: 3:00

xJxdOggY

  • Race: Terran Terran
  • Spawn Location: 0:00

Stark

  • Race: Protoss Protoss
  • League: Gold
  • Spawn Location: 3:00

VOD

Have the link to the VOD?

Description

Time

  • Played on: Sept. 16, 2017, 7:41 p.m.
  • Length: 17:55
Show
View Real Time Build Order
Export as new Build Order

Metasapien Zerg - Winner!

Build Orders: Hatch First 

Get SALT Encoding   

  12  0:02  Drone  
  13  0:15  Overlord  
  13  0:18  Drone  
  14  0:23  Extractor  
  14  0:24  Drone  
  15  0:39  Drone x2  
  17  0:59  Drone, Hatchery  
  17  1:14  Spawning Pool  
  17  1:17  Drone  
  17  1:20  Extractor  
  17  1:22  Drone  
  17  1:33  Drone  
  17  1:34  Drone  
  19  1:46  Drone  
  20  1:53  Overlord  
  20  2:01  Queen  
  22  2:12  Overlord  
  22  2:18  Queen  
  24  2:24  Drone  
  24  2:25  Drone  
  24  2:27  Overlord, Extractor  
  25  2:32  Zergling x2  
  26  2:40  Spine Crawler, Zergling x2  
  26  2:48  Drone, Zergling x2  
  26  2:49  Drone  
  27  3:03  Drone  
  27  3:07  Zergling x4  
  29  3:18  Zergling x4  
  29  3:19  Zergling x4  
  32  3:20  Zergling x2  
  32  3:25  Queen  
  35  3:30  Metabolic Boost  
  35  3:33  Drone  
  36  3:37  Drone  
  37  3:43  Drone  
  36  3:51  Zergling x6  
  39  4:05  Spine Crawler  
  38  4:14  Drone x4  
  42  4:22  Drone x3  
  45  4:29  Drone  
  45  4:30  Overlord  
  46  4:36  Extractor  
  36  4:56  Drone x3  
  36  4:57  Drone, Spore Crawler  
  36  4:59  Spore Crawler  
  38  5:13  Lair  
  38  5:17  Drone x3  
  38  5:18  Drone x3  
  44  5:24  Extractor  
  44  5:26  Drone  
  44  5:45  Overlord  
  44  5:46  Overlord  
  44  5:49  Drone  
  46  5:50  Drone x3  
  48  6:12  Hydralisk Den, Drone x2  
  48  6:13  Drone  
  48  6:15  Drone x3  
  53  6:22  Infestation Pit  
  52  6:28  Overlord x2  
  52  6:40  Drone  
  52  6:41  Drone x2  
  55  6:47  Spore Crawler  
  55  6:48  Spore Crawler  
  55  6:49  Muscular Augments, Hatchery  
  52  7:03  Drone x4  
  52  7:04  Drone x2  
  58  7:12  Pneumatized Carapace  
  58  7:13  Hydralisk  
  58  7:14  Hydralisk  
  62  7:20  Overseer  
  62  7:26  Hydralisk  
  62  7:27  Hydralisk  
  62  7:28  Hydralisk  
  68  7:45  Pathogen Glands  
  68  7:53  Overlord, Evolution Chamber  
  68  7:54  Overlord x3, Evolution Chamber  
  68  7:57  Drone  
  67  7:59  Drone  
  67  8:00  Drone  
  69  8:12  Drone x2  
  71  8:13  Hydralisk x2  
  75  8:25  Zerg Ground Armor Level 1, Zerg Missile Weapons Level 1  
  75  8:28  Hydralisk  
  75  8:32  Hydralisk  
  79  8:43  Drone x4  
  79  8:45  Extractor  
  79  8:47  Extractor  
  81  8:51  Drone x2  
  81  8:52  Drone  
  81  8:53  Hydralisk x2  
  81  8:55  Hydralisk  
  88  9:01  Roach Warren  
  89  9:04  Drone x2  
  89  9:07  Drone x2  
  89  9:09  Drone  
  94  9:10  Drone  
  94  9:11  Drone  
  94  9:14  Drone x2  
  94  9:15  Drone  
  99  9:39  Swarm Host  
  99  9:40  Swarm Host, Zergling x2  
  127  9:55  Hive  
  95  10:27  Zerg Missile Weapons Level 2  
  94  10:29  Zerg Ground Armor Level 2, Hydralisk  
  94  10:30  Hydralisk x11  
  94  10:34  Overlord  
  94  10:35  Overlord  
  117  10:37  Overlord  
  117  10:47  Burrow  
  116  11:13  Hydralisk x12  
  140  11:27  Hydralisk x3  
  146  11:47  Overlord  
  146  11:48  Overlord x4  
  146  11:58  Hatchery  
  145  12:05  Hydralisk x4  
  145  12:06  Hydralisk x4  
  145  12:08  Hydralisk  
  163  12:29  Drone x2  
  165  12:30  Overlord x2, Drone  
  165  12:31  Overlord  
  94  13:43  Hydralisk x2  
  94  13:44  Hydralisk x6  
  94  13:45  Hydralisk x4  
  118  13:51  Queen  
  118  13:52  Drone  
  118  13:54  Drone x2  
  118  13:55  Drone  
  124  13:57  Extractor  
  124  13:59  Extractor  
  124  14:02  Hydralisk x2  
  122  14:03  Hydralisk x3  
  132  14:10  Spire  
  131  14:36  Hydralisk x6  
  131  14:37  Hatchery, Hydralisk x5  
  131  14:38  Hydralisk x5  
  152  14:41  Zerg Ground Armor Level 3  
  162  15:02  Drone x2  
  164  15:23  Hydralisk x5  
  164  15:24  Hydralisk x2, Corruptor x4  
  164  15:27  Drone  
  164  15:28  Drone x2  
  189  15:29  Overlord  
  171  16:39  Hydralisk  
  171  16:40  Hydralisk x5  
  171  16:41  Hydralisk x3  
  171  16:42  Roach x4, Hydralisk x2  
  199  17:16  Extractor  
  199  17:20  Extractor  
  193  17:45  Ultralisk Cavern  
Show
View Real Time Build Order
Export as new Build Order

DarthBalls Zerg - Winner!

Build Orders: Pool First, Lurkers 

Get SALT Encoding   

  12  0:04  Drone  
  13  0:12  Drone  
  14  0:26  Overlord  
  14  0:43  Spawning Pool  
  14  0:48  Drone x3  
  16  0:54  Extractor  
  16  0:56  Extractor  
  14  1:01  Drone  
  15  1:14  Drone  
  16  1:25  Drone  
  17  1:29  Queen  
  17  1:32  Drone  
  20  1:55  Hatchery  
  20  2:00  Drone x2  
  21  2:06  Drone  
  22  2:20  Overlord  
  22  2:45  Zergling x10  
  22  2:47  Metabolic Boost  
  27  3:05  Drone x2  
  29  3:10  Queen  
  29  3:11  Drone  
  32  3:26  Zergling x6  
  35  3:35  Lair  
  35  3:37  Drone  
  35  3:40  Overlord  
  36  4:12  Drone x3  
  39  4:18  Evolution Chamber  
  39  4:20  Zergling x10  
  43  4:37  Hydralisk Den  
  42  4:50  Spore Crawler  
  41  4:54  Spore Crawler  
  41  4:55  Drone  
  41  4:56  Drone x2  
  41  4:57  Drone  
  44  5:06  Spore Crawler  
  43  5:09  Spore Crawler  
  43  5:11  Spore Crawler  
  43  5:12  Drone x3  
  44  5:17  Overlord  
  44  5:20  Overlord  
  44  5:23  Muscular Augments  
  44  5:27  Overseer  
  44  5:30  Overseer  
  44  5:37  Drone  
  44  5:38  Drone x2  
  44  6:19  Hydralisk  
  44  6:20  Hydralisk x2  
  50  6:26  Drone x3  
  50  6:30  Burrow  
  53  6:36  Lurker Den  
  53  6:42  Hydralisk x2  
  53  6:46  Zerg Missile Weapons Level 1  
  57  6:51  Drone x2  
  59  6:56  Drone  
  59  6:58  Overlord x2  
  59  6:59  Overlord  
  60  7:43  Hydralisk  
  60  7:44  Hydralisk x4  
  70  7:56  Hydralisk x4  
  70  7:57  Hydralisk  
  80  8:03  Extractor  
  79  8:08  Extractor  
  78  8:36  Spore Crawler  
  78  8:38  Hatchery  
  78  8:39  Spore Crawler  
  75  8:43  Zerg Ground Armor Level 1  
  75  8:48  Overlord  
  75  8:49  Overlord x2  
  62  9:59  Hydralisk  
  61  10:00  Hydralisk x2  
  61  10:05  Hydralisk  
  61  10:06  Hydralisk x6  
  61  10:07  Hydralisk x2  
  79  10:11  Queen  
  79  10:12  Drone x3  
  82  10:32  Hatchery  
  74  10:40  Hydralisk x2  
  74  10:41  Hydralisk x3  
  84  10:46  Lurker x3  
  84  10:47  Lurker  
  84  10:48  Lurker  
  89  10:54  Hydralisk x5  
  99  11:01  Overlord x3  
  99  11:10  Zerg Missile Weapons Level 2  
  99  11:30  Hydralisk x5  
  109  11:42  Drone x5  
  102  12:45  Hydralisk  
  102  12:46  Hydralisk x4  
  112  12:52  Hydralisk x5  
  122  12:59  Hydralisk x3  
  122  13:03  Overlord x3  
  122  13:04  Overlord  
  69  14:14  Hydralisk x3  
  69  14:15  Hydralisk x2  
  79  14:21  Hydralisk x3  
  79  14:22  Hydralisk x5  
  95  14:31  Queen  
  95  14:32  Drone x3  
  95  14:36  Drone  
  95  14:37  Drone x2  
  103  14:39  Drone x2  
  103  14:42  Zerg Ground Armor Level 2  
  105  14:50  Infestation Pit  
  84  15:19  Lurker x3  
  84  15:20  Lurker  
  88  15:27  Hydralisk x5  
  98  15:34  Extractor  
  97  15:39  Extractor x2  
  95  15:43  Extractor  
Show
View Real Time Build Order
Export as new Build Order

Hazard Protoss - Winner!

Build Orders:  

Get SALT Encoding   

  12  0:01  Probe (Chrono Boost)  
  13  0:12  Probe (Chrono Boost)  
  14  0:22  Pylon  
  14  0:23  Probe (Chrono Boost)  
  15  0:40  Probe (Chrono Boost)  
  16  0:44  Gateway  
  16  0:54  Forge  
  16  0:55  Probe (Chrono Boost)  
  17  1:05  Probe (Chrono Boost)  
  17  1:11  Assimilator  
  18  1:14  Assimilator  
  18  1:16  Probe (Chrono Boost)  
  19  1:21  Pylon  
  19  1:27  Probe (Chrono Boost)  
  20  1:35  Cybernetics Core  
  20  1:37  Probe (Chrono Boost)  
  21  1:53  Probe (Chrono Boost)  
  22  2:09  Probe (Chrono Boost)  
  23  2:20  Mothership Core (Chrono Boost)  
  25  2:25  Photon Cannon  
  25  2:28  Photon Cannon  
  25  2:32  Warp Gate, Photon Cannon  
  25  3:01  Nexus  
  25  3:06  Pylon  
  25  3:09  Pylon  
  25  3:19  Stalker  
  27  3:28  Assimilator  
  27  3:29  Probe (Chrono Boost)  
  27  3:32  Assimilator  
  28  3:41  Pylon  
  28  3:43  Probe (Chrono Boost)  
  29  3:54  Probe (Chrono Boost)  
  30  4:03  Photon Cannon  
  30  4:06  Photon Cannon  
  30  4:15  Photon Cannon  
  30  4:29  Photon Cannon  
  30  4:30  Probe (Chrono Boost)  
  31  4:41  Probe (Chrono Boost)  
  31  4:43  Probe (Chrono Boost)  
  33  4:51  Probe (Chrono Boost)  
  34  4:53  Probe (Chrono Boost)  
  35  5:00  Stalker  
  35  5:02  Probe (Chrono Boost)  
  35  5:04  Probe (Chrono Boost)  
  39  5:12  Probe (Chrono Boost)  
  40  5:14  Probe (Chrono Boost)  
  40  5:17  Stargate  
  40  5:19  Stargate  
  41  5:23  Probe (Chrono Boost)  
  41  5:25  Probe (Chrono Boost)  
  43  5:34  Probe (Chrono Boost)  
  45  5:35  Probe (Chrono Boost)  
  45  5:44  Probe (Chrono Boost), Stalker  
  45  5:46  Probe (Chrono Boost)  
  49  5:57  Probe (Chrono Boost), Robotics Facility  
  50  5:59  Robotics Facility  
  50  6:05  Void Ray  
  50  6:09  Void Ray  
  58  6:20  Probe (Chrono Boost)  
  59  6:31  Probe (Chrono Boost)  
  60  6:34  Nexus  
  60  6:41  Probe (Chrono Boost)  
  61  6:56  Observer  
  61  6:57  Immortal  
  66  7:02  Void Ray  
  70  7:14  Pylon  
  70  7:15  Pylon  
  70  7:17  Pylon  
  70  7:31  Void Ray  
  70  7:32  Assimilator, Immortal  
  70  7:36  Assimilator  
  78  7:39  Pylon  
  78  7:42  Pylon  
  78  7:45  Pylon  
  78  7:47  Probe (Chrono Boost)  
  79  7:54  Probe (Chrono Boost)  
  79  7:58  Probe (Chrono Boost)  
  81  8:05  Probe (Chrono Boost)  
  82  8:09  Probe (Chrono Boost), Immortal  
  82  8:11  Void Ray  
  91  8:16  Probe (Chrono Boost)  
  91  8:19  Probe (Chrono Boost)  
  93  8:26  Probe (Chrono Boost)  
  94  8:30  Probe (Chrono Boost)  
  95  8:37  Probe (Chrono Boost)  
  95  8:40  Probe (Chrono Boost)  
  97  8:51  Probe (Chrono Boost)  
  98  9:01  Void Ray x2, Probe (Chrono Boost)  
  107  9:04  Immortal x2  
  77  9:53  Immortal x2  
  77  9:58  Void Ray x2  
  93  10:08  Photon Cannon  
  93  10:13  Photon Cannon  
  93  10:17  Photon Cannon  
  93  10:21  Photon Cannon  
  93  10:25  Fleet Beacon  
  93  10:29  Stargate  
  93  10:32  Immortal x2  
  93  10:34  Stargate  
  101  10:36  Stargate  
  101  10:38  Stargate  
  101  11:04  Pylon  
  101  11:05  Pylon  
  101  11:06  Pylon  
  101  11:07  Pylon  
  101  11:09  Pylon  
  101  11:11  Immortal  
  101  11:12  Immortal  
  101  11:14  Carrier x2 (Chrono Boost)  
  101  11:15  Carrier (Chrono Boost)  
  127  11:20  Carrier (Chrono Boost), Graviton Catapult (Chrono Boost)  
  133  11:39  Protoss Air Weapons Level 1 (Chrono Boost)  
  139  11:43  Carrier (Chrono Boost)  
  139  12:14  Protoss Ground Weapons Level 1 (Chrono Boost)  
  145  12:31  Carrier (Chrono Boost)  
  157  12:57  Carrier (Chrono Boost)  
  157  13:06  Pylon  
  157  13:07  Pylon  
  157  13:09  Pylon  
  157  13:12  Pylon  
  163  13:13  Pylon  
  169  13:23  Carrier (Chrono Boost)  
  169  13:27  Carrier (Chrono Boost)  
  181  13:49  Carrier (Chrono Boost)  
  181  13:58  Carrier (Chrono Boost)  
  181  14:15  Protoss Air Weapons Level 2  
  181  14:26  Carrier (Chrono Boost)  
  193  14:37  Carrier (Chrono Boost)  
  193  14:49  Nexus  
Show
View Real Time Build Order
Export as new Build Order

NEFAROX Zerg 

Build Orders: Pool First 

Get SALT Encoding   

  12  0:06  Drone  
  13  0:14  Drone  
  13  0:19  Overlord  
  14  0:39  Drone x2  
  16  0:58  Drone x2, Spawning Pool  
  16  1:02  Extractor  
  16  1:03  Drone  
  17  1:28  Drone x2  
  19  1:45  Queen  
  21  1:47  Zergling x2  
  21  1:50  Overlord  
  22  2:13  Zergling x4  
  24  2:16  Metabolic Boost  
  24  2:20  Zergling x2  
  25  2:45  Zergling x4  
  27  2:57  Overlord  
  27  3:01  Zergling x6  
  30  3:34  Zergling x10  
  32  3:35  Zergling x2  
  35  4:25  Lair  
  35  4:29  Drone  
  35  4:30  Drone, Extractor  
  36  4:36  Spore Crawler  
  35  4:46  Drone x2  
  35  4:52  Overlord  
  37  4:59  Hatchery  
  36  5:29  Hydralisk Den  
  36  5:33  Evolution Chamber  
  34  5:43  Overseer  
  34  6:30  Muscular Augments  
  34  6:32  Hydralisk x4  
  34  6:33  Hydralisk x2  
  34  6:37  Drone x2  
  34  6:38  Drone  
  34  6:39  Queen  
  51  6:58  Overlord x2  
  51  6:59  Overlord  
  51  7:07  Zerg Missile Weapons Level 1  
  51  7:22  Unknown  
  51  7:26  Unknown  
  51  7:46  Drone x2  
  51  7:48  Drone  
  51  7:50  Drone x3  
  57  8:01  Hatchery  
  56  8:15  Zergling x4, Hydralisk x3  
  64  8:23  Hydralisk  
  64  8:24  Hydralisk x4  
  74  8:54  Overlord x3  
  74  9:01  Zerg Ground Armor Level 1  
  56  9:58  Hydralisk x6  
  56  9:59  Hydralisk x2  
  67  10:55  Overseer  
  67  11:05  Hydralisk x2  
  67  11:06  Hydralisk x7  
  67  11:07  Hydralisk x2  
  89  11:46  Zergling x12  
  89  11:47  Zergling x4  
  91  12:19  Overseer x2  
  91  12:20  Overseer x2  
  91  12:25  Overseer  
  91  12:30  Overlord x2  
  91  13:02  Zerg Missile Weapons Level 2  
  91  13:10  Zergling x4  
  91  13:11  Zergling x12  
  67  13:53  Overseer  
  67  13:54  Overseer  
  67  14:26  Overlord x3  
  67  14:48  Zergling x2  
  67  14:49  Zergling x12  
  69  15:03  Hatchery  
  56  15:22  Overseer x4  
Show
View Real Time Build Order
Export as new Build Order

xJxdOggY Terran 

Build Orders:  

Get SALT Encoding   

  12  0:06  SCV  
  13  0:19  SCV  
  14  0:31  SCV  
  15  0:39  Supply Depot  
  15  0:47  Supply Depot  
  15  1:00  SCV  
  16  1:12  SCV  
  17  1:18  Refinery  
  17  1:22  Refinery  
  17  1:25  SCV  
  18  1:37  SCV  
  19  1:49  SCV  
  20  2:01  SCV  
  21  2:05  Barracks  
  21  2:13  SCV  
  22  2:19  Supply Depot  
  22  2:25  SCV  
  23  2:37  SCV  
  23  2:41  Supply Depot  
  23  2:42  Command Center  
  24  2:49  SCV  
  25  2:58  Marine  
  25  3:01  SCV  
  27  3:08  Factory  
  27  3:13  SCV  
  27  3:16  Marine  
  29  3:30  Engineering Bay  
  29  3:34  Marine  
  29  3:40  Orbital Command  
  30  3:51  Marine  
  31  4:07  Starport  
  31  4:32  Missile Turret  
  31  4:45  Starport  
  31  4:56  Fusion Core  
  31  5:14  Starport Tech Lab  
  31  5:24  Starport  
  31  5:32  Starport Tech Lab  
  31  5:43  Missile Turret  
  31  5:44  Supply Depot  
  31  5:49  Battlecruiser  
  37  6:01  SCV  
  38  6:06  Missile Turret  
  38  6:07  Supply Depot  
  38  6:10  SCV  
  39  6:13  SCV  
  40  6:19  Battlecruiser  
  40  6:21  Starport Tech Lab  
  40  6:22  SCV  
  48  6:25  SCV  
  48  6:34  SCV, Supply Depot  
  48  6:37  SCV  
  50  6:46  SCV  
  51  6:49  SCV  
  51  6:50  Battlecruiser  
  58  6:58  SCV, Supply Depot  
  58  7:01  Refinery  
  59  7:02  SCV  
  60  7:10  SCV  
  60  7:14  SCV  
  62  7:20  Supply Depot  
  62  7:23  SCV  
  62  7:26  SCV  
  62  7:27  Refinery  
  64  7:38  SCV  
  65  7:50  SCV  
  65  7:51  Command Center  
  66  8:06  Supply Depot  
  66  8:22  Armory, Battlecruiser  
  66  8:23  Battlecruiser  
  78  8:29  Supply Depot  
  78  8:52  Supply Depot  
  78  9:14  Battlecruiser  
  84  9:18  SCV  
  85  9:24  SCV  
  85  9:30  SCV  
  87  9:33  Refinery  
  87  9:37  SCV  
  88  9:42  SCV  
  89  9:49  SCV  
  90  9:53  Battlecruiser  
  90  9:54  Battlecruiser, SCV  
  103  10:01  SCV  
  103  10:07  SCV  
  105  10:13  SCV  
  100  10:40  Terran Ship Weapons Level 1  
  100  10:48  Armory  
  100  10:51  Battlecruiser  
  106  11:00  Starport  
  106  11:05  Battlecruiser  
  106  11:10  SCV  
  113  11:19  Refinery  
  113  11:20  SCV  
  113  11:23  SCV  
  115  11:32  SCV  
  116  11:35  SCV  
  117  11:40  Supply Depot  
  117  11:44  SCV  
  118  11:47  SCV  
  119  11:56  Battlecruiser, SCV  
  119  11:59  SCV  
  124  12:05  Missile Turret  
  124  12:09  SCV  
  125  12:23  Battlecruiser x2  
  125  12:25  Missile Turret  
  137  12:46  Missile Turret  
  135  13:00  Battlecruiser  
  141  13:09  Missile Turret  
  129  13:29  Missile Turret  
  129  13:43  Battlecruiser  
  129  13:44  Battlecruiser  
  135  14:07  Battlecruiser  
  141  14:12  Starport Tech Lab  
  141  14:18  Terran Vehicle And Ship Armor Level 1  
  141  14:48  Battlecruiser  
  147  15:13  Battlecruiser x2  
  159  15:25  Command Center  
  57  16:39  Refinery  
  41  17:05  Refinery  
Show
View Real Time Build Order
Export as new Build Order

Stark Protoss 

Build Orders: Oracle Opening 

Get SALT Encoding   

  12  0:10  Pylon  
  13  0:14  Probe (Chrono Boost)  
  13  0:29  Gateway  
  13  0:33  Probe (Chrono Boost)  
  14  0:44  Probe (Chrono Boost)  
  14  0:47  Assimilator  
  15  0:54  Probe (Chrono Boost)  
  16  1:05  Probe (Chrono Boost)  
  17  1:20  Cybernetics Core  
  17  1:27  Pylon  
  17  1:29  Probe (Chrono Boost), Assimilator  
  18  1:35  Zealot (Chrono Boost)  
  18  1:39  Probe  
  21  1:51  Probe  
  22  2:01  Stargate  
  22  2:11  Zealot (Chrono Boost)  
  22  2:13  Probe  
  25  2:24  Mothership Core  
  27  2:35  Assimilator  
  27  3:01  Oracle (Chrono Boost)  
  28  3:19  Nexus  
  26  3:23  Probe (Chrono Boost)  
  27  3:28  Forge  
  27  3:34  Probe (Chrono Boost)  
  27  3:36  Pylon  
  28  3:45  Probe (Chrono Boost)  
  29  3:51  Pylon  
  29  4:07  Void Ray  
  33  5:01  Probe (Chrono Boost)  
  34  5:08  Photon Cannon  
  34  5:11  Probe (Chrono Boost)  
  34  5:12  Pylon  
  35  5:16  Pylon  
  35  5:19  Assimilator  
  35  5:21  Probe (Chrono Boost)  
  36  5:29  Void Ray (Chrono Boost)  
  36  5:31  Probe  
  41  5:41  Probe, Photon Cannon  
  42  5:52  Probe  
  42  5:55  Photon Cannon  
  41  6:09  Probe (Chrono Boost)  
  42  6:13  Probe (Chrono Boost)  
  43  6:20  Probe (Chrono Boost)  
  44  6:26  Probe (Chrono Boost)  
  44  6:31  Probe (Chrono Boost)  
  46  6:32  Protoss Shields Level 1 (Chrono Boost)  
  46  6:36  Protoss Air Armor Level 1 (Chrono Boost)  
  46  6:41  Probe (Chrono Boost)  
  47  6:48  Probe (Chrono Boost)  
  47  6:52  Probe (Chrono Boost)  
  49  6:59  Probe (Chrono Boost)  
  50  7:03  Probe (Chrono Boost)  
  50  7:08  Void Ray (Chrono Boost)  
  55  7:13  Probe (Chrono Boost)  
  56  7:24  Probe (Chrono Boost), Nexus  
  56  7:29  Pylon  
  57  7:37  Stargate  
  57  7:43  Stargate  
  57  7:52  Fleet Beacon  
  57  7:56  Photon Cannon  
  57  8:18  Cybernetics Core  
  57  8:39  Graviton Catapult (Chrono Boost)  
  69  8:41  Carrier (Chrono Boost)  
  69  8:42  Carrier (Chrono Boost)  
  69  8:47  Probe, Twilight Council  
  69  8:50  Probe  
  71  8:58  Probe  
  71  9:01  Photon Cannon  
  72  9:05  Photon Cannon  
  72  9:23  Carrier (Chrono Boost)  
  51  10:00  Zealot  
  59  10:08  Tempest (Chrono Boost)  
  48  10:27  Zealot  
  49  10:40  Nexus  
  49  10:54  Zealot  
  44  11:34  Robotics Facility  
  44  12:04  Tempest (Chrono Boost)  
  50  12:13  Probe (Chrono Boost)  
  51  12:21  Probe (Chrono Boost)  
  52  12:23  Probe (Chrono Boost)  
  53  12:31  Probe (Chrono Boost)  
  47  13:13  Pylon  
  47  13:17  Pylon  
  45  13:26  Pylon  
  43  13:28  Carrier (Chrono Boost)  
  49  13:40  Zealot  
  46  13:52  Observer (Chrono Boost)  
  46  13:55  Probe  
  48  14:06  Probe  
  48  14:07  Carrier (Chrono Boost), Zealot  
  48  14:08  Protoss Air Weapons Level 1 (Chrono Boost)  
  57  14:12  Observer  
  58  14:17  Probe (Chrono Boost)  
  58  14:22  Probe (Chrono Boost)  
  60  14:28  Probe (Chrono Boost)  
  61  14:32  Probe (Chrono Boost)  
  61  14:34  Zealot  
  64  14:43  Probe (Chrono Boost)  
  65  14:49  Nexus  
  65  14:54  Probe  
  65  14:55  Stargate  
  66  15:07  Probe  
  67  15:17  Pylon  
  67  15:18  Probe (Chrono Boost)  
  67  15:20  Tempest (Chrono Boost)  
  74  15:23  Probe (Chrono Boost)  
  75  15:29  Probe (Chrono Boost)  
  70  15:46  Probe (Chrono Boost)  
  70  16:06  Carrier (Chrono Boost)  
  70  16:08  Stargate  
  52  16:13  Mothership Core  
  29  16:55  Photon Cannon  
  24  17:11  Probe, Gateway x2  
  24  17:15  Gateway  
  25  17:17  Pylon  
  25  17:18  Gateway  
  25  17:20  Gateway  
  25  17:21  Pylon  
  25  17:22  Probe, Gateway  
  23  17:24  Forge, Pylon  
  23  17:27  Pylon  
  23  17:32  Probe  
Tags
 
Add a new tag
Caveats
  • Supply blocks, unpowered buildings, or Contaminate may cause inaccurate times.
  • Supply counts are checked every 10 seconds.